AoeStats
← pascapas

Black Forest

507384603Analyzed
4v4 RM · 15d ago on Sep 18, 2026· 58m 19s· 8 players
Game mode
Random Map
Map size
Large (8 player)
Population
200
Speed
Normal
Resources
Standard
Victory
Conquest
Starting age
Dark Age
Ending age
Imperial Age
RankedLock teamsTeams togetherTeam positionsShared explorationLock speedFull tech treeHidden civsTurbo modeCheats
Victory
Defeat
🇪🇸 Spanish · Spain
902
+10
🇦🇷 Chinese · Argentina
900
+10
🇲🇽 Britons · Mexico
764
+16
🇨🇱 Franks · Chile
717
+18
🇨🇭 Chinese · Switzerland
830
-16
🇹🇷 Khmer · Türkiye
774
-14
🇿🇦 Sicilians · South Africa
757
-13
🇹🇷 Persians · Türkiye
705
-11
pascapas
0:48 Loom
13:04 Feudal Age
17:20 Wheelbarrow
17:52 Double-Bit Axe
18:49 Horse Collar
22:33 Town Watch
27:02 Castle Age
26:04 Forging
25:46 Fletching
26:41 Padded Archer Armor
28:18 Bodkin Arrow
27:55 Crossbowman
28:42 Thumb Ring
30:17 Hand Cart
30:18 Bow Saw
30:10 Heavy Plow
31:21 Leather Archer Armor
33:03 Ballistics
34:04 Pikeman
38:47 Imperial Age
40:20 Caravan
40:19 Elite Chu Ko Nu
46:06 Halberdier
51:11 Heavy Scorpion
birtanonline
1:28 Loom
15:06 Feudal Age
15:50 Double-Bit Axe
17:56 Wheelbarrow
17:07 Town Watch
17:13 Stone Mining
17:05 Horse Collar
18:01 Gold Mining
19:31 Fletching
19:41 Padded Archer Armor
26:44 Castle Age
27:26 Bodkin Arrow
27:46 Leather Archer Armor
27:42 Heavy Plow
28:03 Town Patrol
29:05 Gold Shaft Mining
29:07 Stone Shaft Mining
30:34 Murder Holes
30:51 Fortified Wall
30:39 Murder Holes
31:49 Ballistics
33:05 Masonry
34:25 Hand Cart
35:22 Caravan
42:11 Imperial Age
41:18 Tusk Swords
44:24 Gold Shaft Mining
45:46 Conscription
46:02 Hoardings
45:35 Double Crossbow
46:24 Bow Saw
46:17 Husbandry
46:28 Bloodlines
46:55 Crop Rotation
47:37 Siege Engineers
48:32 Chemistry
48:36 Elite Ballista Elephant
55:35 Architecture
v2_Snake
0:28 Loom
16:57 Feudal Age
20:47 Wheelbarrow
23:21 Double-Bit Axe
27:01 Town Watch
28:10 Horse Collar
29:09 Gold Mining
32:42 Man-at-Arms
33:52 Man-at-Arms
38:56 Castle Age
38:55 Stone Mining
41:12 Bow Saw
41:04 Heavy Plow
42:03 Fletching
42:25 Forging
42:21 Scale Barding Armor
42:35 Hand Cart
42:22 Caravan
43:27 Gold Shaft Mining
43:31 Stone Shaft Mining
55:35 Iron Casting
Hondkop
0:27 Loom
12:47 Feudal Age
19:24 Fletching
19:35 Scale Mail Armor
23:37 Forging
32:20 Castle Age
30:57 Wheelbarrow
30:07 Town Watch
33:30 Chain Mail Armor
33:11 Bodkin Arrow
33:52 Iron Casting
41:51 Imperial Age
39:19 Horse Collar
39:27 Double-Bit Axe
41:33 Town Patrol
46:51 Blast Furnace
46:22 Plate Mail Armor
45:53 Bracer
45:54 Padded Archer Armor
46:00 Scale Barding Armor
46:04 Pikeman
46:30 Gambesons
48:34 Conscription
48:05 Halberdier
50:03 Squires
51:25 Heavy Plow
51:43 Hand Cart
51:43 Bow Saw
51:51 Leather Archer Armor
55:39 Elite Skirmisher
wigfunk
0:27 Loom
17:00 Feudal Age
25:58 Fletching
32:40 Castle Age
31:40 Padded Archer Armor
32:29 Wheelbarrow
31:40 Double-Bit Axe
32:26 Town Watch
32:25 Horse Collar
33:27 Elite Skirmisher
33:27 Crossbowman
40:05 Bodkin Arrow
41:17 Leather Archer Armor
41:31 Heavy Plow
41:43 Bow Saw
43:01 Gold Mining
43:01 Stone Mining
44:16 Town Patrol
47:54 Scale Mail Armor
48:05 Forging
49:10 Murder Holes
49:36 Ballistics
49:28 Masonry
48:59 Treadmill Crane
49:37 Chain Mail Armor
48:46 Pikeman
49:27 Squires
49:12 Arson
50:05 Iron Casting
51:38 Hand Cart
52:30 Yeomen
56:10 Imperial Age
54:03 Guard Tower
56:23 Arbalester
58:21 Two-Man Saw
57:56 Architecture
58:02 Keep
57:14 Arrowslits
57:36 Siege Engineers
58:06 Warwolf
58:28 Conscription
58:44 Hoardings
58:29 Yeomen
57:50 Halberdier
charly1389
2:17 Loom
11:39 Feudal Age
12:28 Double-Bit Axe
21:30 Castle Age
20:04 Gold Mining
21:10 Wheelbarrow
21:35 Forging
21:26 Scale Mail Armor
21:32 Scale Barding Armor
23:08 Bow Saw
26:26 Gold Shaft Mining
25:43 Stone Mining
27:25 Hand Cart
34:12 Imperial Age
31:30 Town Watch
31:43 Pikeman
32:10 Gambesons
32:27 Husbandry
33:06 Iron Casting
32:50 Chain Mail Armor
32:55 Chain Barding Armor
32:39 Town Patrol
33:11 Squires
32:58 Arson
36:02 Blast Furnace
35:33 Plate Mail Armor
34:27 Halberdier
34:29 Cavalier
35:44 Ballistics
36:25 Chemistry
35:21 Murder Holes
35:36 Masonry
37:09 Plate Barding Armor
37:27 Paladin
38:51 Conscription
39:15 Heavy Scorpion
marcospett
2:20 Loom
13:12 Feudal Age
15:08 Wheelbarrow
14:21 Double-Bit Axe
14:19 Horse Collar
15:04 Stone Mining
15:04 Gold Mining
25:29 Gold Mining
27:41 Castle Age
27:06 Scale Barding Armor
27:01 Scale Mail Armor
27:12 Forging
26:52 Fletching
27:03 Padded Archer Armor
29:46 Hand Cart
29:33 Heavy Plow
29:45 Bow Saw
29:44 Husbandry
30:42 Bloodlines
30:39 Caravan
31:27 Iron Casting
31:08 Chain Mail Armor
31:13 Chain Barding Armor
32:03 Stone Shaft Mining
32:55 Masonry
33:54 Fortified Wall
35:06 Guard Tower
40:11 Imperial Age
38:46 Leather Archer Armor
38:26 Bodkin Arrow
39:01 Murder Holes
41:54 Chemistry
41:32 Plate Barding Armor
41:28 Plate Mail Armor
41:58 Blast Furnace
42:01 Two-Man Saw
41:36 Ring Archer Armor
41:06 Bracer
41:33 Conscription
41:49 Hoardings
40:36 Cavalier
41:40 Onager
42:14 Paladin
44:30 Architecture
44:37 Keep
CHANCHI
0:35 Loom
13:39 Feudal Age
14:18 Double-Bit Axe
14:16 Horse Collar
24:43 Castle Age
23:27 Gold Mining
24:26 Fletching
24:37 Padded Archer Armor
25:43 Bow Saw
25:36 Heavy Plow
26:15 Gold Shaft Mining
27:25 Wheelbarrow
27:46 Bodkin Arrow
32:27 Hand Cart
33:16 Crossbowman
41:11 Imperial Age
39:08 Ballistics
40:12 Leather Archer Armor
40:13 Fortified Wall
41:52 Stone Mining
42:45 Bracer
43:17 Ring Archer Armor
44:01 Chemistry
44:47 Thumb Ring
44:02 Arbalester
44:06 Heavy Rocket Cart
46:59 Two-Man Saw
49:57 Ring Archer Armor
49:21 Guard Tower
49:28 Murder Holes
49:44 Masonry
Connection lost

Rejoining the realm…

Still unreachable

The connection could not be restored.

Session expired

The server has moved on; the page needs a fresh start.